 Dungeon Crawl Stone Soup version 0.28-b1-25-g9875b3fc8c (webtiles) character file.

Game seed: 271898458321575853

186 sanka the Magician (level 5, -3/30 HPs)
             Began as a Deep Elf Transmuter on Feb 8, 2022.
             Slain by a gnoll (8 damage)
             ... on level 5 of the Dungeon.
             The game lasted 00:06:38 (5869 turns).

sanka the Magician (Deep Elf Transmuter)            Turns: 5869, Time: 00:06:39

Health: -3/30      AC:  6    Str:  7    XL:     5   Next: 38%
Magic:  15/15      EV: 13    Int: 20    God:
Gold:   136        SH:  0    Dex: 15    Spells: 15/16 levels left

rFire   . . .      SeeInvis +   j - +4 long sword of the Egg {flame, rC+}
rCold   + . .      Faith    .   (no shield)
rNeg    . . .      Spirit   .   a - +0 robe
rPois   .          Reflect  .   q - +1 helmet {SInv}
rElec   .          Harm     .   (no cloak)
rCorr   .          Rampage  .   (no gloves)
Will    .....                   e - +1 pair of boots
Stlth   +.........              (no amulet)
HPRegen 0.10/turn               (no ring)
MPRegen 0.14/turn               (no ring)

@: no status effects
A: no striking features
a: no special abilities


You were on level 5 of the Dungeon.
You visited 1 branch of the dungeon, and saw 5 of its levels.

You collected 136 gold pieces.

Inventory:

Hand Weapons
 j - the +4 long sword of the Egg (weapon) {flame, rC+}
   (You found it on level 2 of the Dungeon)

   It burns those it strikes, dealing additional fire damage.
   Big, fiery blades are also staple armaments of hydra-hunters.
   rC:        It protects you from cold.
Armour
 a - a +0 robe (worn)
 e - a +1 pair of boots (worn)
 q - a +1 helmet of see invisible (worn)
Scrolls
 c - a scroll of noise {unknown}
 d - 2 scrolls of enchant armour {unknown}
 f - 4 scrolls of identify {unknown}
 i - 2 scrolls of teleportation {unknown}
 k - a scroll of summoning {unknown}
 l - 2 scrolls of immolation {unknown}
Potions
 b - 3 potions of ambrosia {unknown}
 g - a potion of heal wounds {unknown}
 h - a potion of flight {unknown}
 m - a potion of attraction {unknown}
 n - 3 potions of curing {unknown}
 o - 2 potions of lignification {unknown}
 p - a potion of brilliance {unknown}


   Skills:
 + Level 2.1 Fighting
 + Level 3.7 Dodging
 - Level 2.4 Unarmed Combat
 - Level 6.0 Spellcasting
 - Level 2.1 Transmutations


You had 15 spell levels left.
You knew the following spells:

 Your Spells              Type           Power      Damage    Failure   Level
a - Beastly Appendage     Tmut           28%        N/A       4%          1

Your spell library contained the following spells:

 Spells                   Type           Power      Damage    Failure   Level
 Wereblood                Tmut           14%        N/A       6%          2
 Animate Skeleton         Necr           12%        N/A       11%         1
 Apportation              Tloc           12%        N/A       11%         1
 Summon Small Mammal      Summ           24%        N/A       11%         1
 Spider Form              Tmut/Pois      10%        N/A       21%         3
 Ice Form                 Ice/Tmut       10%        N/A       54%         4


Dungeon Overview and Level Annotations

Branches:
Dungeon (5/15)
 Temple: D:4-7

Altars:
Cheibriados
Gozag
Kikubaaqudgha
Ru
Sif Muna
Wu Jian
Xom
Yredelemnul

Shops:
D:1 [

Annotations:
D:3 1 runed translucent door, Edmund; madmanarnold's ghost, amateur FoFi
D:4 exclusion: ogre


Message History

The gnoll misses you. The gnoll completely misses you.
You hit the gnoll. You burn the gnoll.
The gnoll is severely wounded.
The gnoll hits you with a +0 club.
The gnoll hits you from afar with a +0 spear.
The gnoll hits you with a +0 club.
You barely miss the gnoll.
The gnoll is severely wounded.
The gnoll misses you. The gnoll hits you with a +0 club.
The gnoll hits you but does no damage.
You closely miss the gnoll.
The gnoll is heavily wounded.
The gnoll barely misses you. The gnoll completely misses you.
You hit the gnoll. You burn the gnoll.
The gnoll is almost dead.
The gnoll closely misses you.
The gnoll hits you from afar with a +0 spear.
The gnoll barely misses you. The gnoll misses you.
You hit the gnoll. You burn the gnoll.
You kill the gnoll!
The gnoll closely misses you.
Found a cyan potion.
An adder comes into view.
The adder hisses angrily.
The adder misses you. The gnoll hits you but does no damage.
The adder closely misses you.
You closely miss the adder. The gnoll closely misses you.
The adder bites you but does no damage.
The gnoll hits you from afar with a +0 spear.
You hit the adder. You burn the adder.
The adder is moderately wounded.
The adder misses you. The adder bites you.
The gnoll hits you from afar with a +0 spear!
* * * LOW HITPOINT WARNING * * *
Unknown command.
You hit the adder. You burn the adder.
The adder is severely wounded.
The adder bites you but does no damage.
The gnoll hits you from afar with a +0 spear!
You die...

.# .# #.# ###
##.## #.# #.#
##...##
#..!.##@###.....##
#.....S..gg......#
#.....#####......#
#.#.#. ##...#.# #
# ##g## #.# #.#
#g# #)#


You could see 2 gnolls and an adder.

Vanquished Creatures
  A water moccasin skeleton (D:4)
  A centaur zombie (D:5)
  A gnoll (D:5)
  2 adders
  An adder zombie (D:3)
  3 dart slugs
  2 orcs
  5 bats
  8 endoplasms
  3 giant cockroaches
  8 goblins
  6 hobgoblins
  2 jackals (D:1)
  3 quokkas
  11 ball pythons
  A frilled lizard (D:1)
  A giant cockroach zombie (D:3)
  2 jackal zombies (D:3)
  2 kobolds (D:2)
  2 rats
65 creatures vanquished.

Notes
Turn   | Place    | Note
-------+----------+-------------------------------------------
     0 | D:1      | sanka the Deep Elf Transmuter began the quest for the Orb.
     0 | D:1      | Reached XP level 1. HP: 11/11 MP: 6/6
   187 | D:1      | Reached skill level 4 in Spellcasting
   187 | D:1      | Reached XP level 2. HP: 15/16 MP: 7/9
   498 | D:1      | Found Mixax's Antique Armour Shoppe.
   546 | D:1      | You fall into a shaft and drop 1 floor!
  1214 | D:1      | Reached XP level 3. HP: 20/20 MP: 9/11
  1216 | D:1      | Reached skill level 5 in Spellcasting
  2440 | D:2      | Identified the +4 long sword of the Egg {flame, rC+}
  3247 | D:3      | Reached skill level 1 in Fighting
  3247 | D:3      | Reached XP level 4. HP: 14/25 MP: 11/13
  3460 | D:3      | Found a shimmering altar of Xom.
  3460 | D:3      | Found a shimmering altar of Xom.
  3462 | D:3      | Found a shimmering altar of Xom.
  3466 | D:3      | Found a shimmering altar of Xom.
  3466 | D:3      | Found a shimmering altar of Xom.
  3467 | D:3      | Found a shimmering altar of Xom.
  3687 | D:3      | Found a basalt altar of Yredelemnul.
  3738 | D:3      | Found a faded altar of an unknown god.
  3817 | D:3      | Found an opulent altar of Gozag.
  4086 | D:3      | Found a runed translucent door.
  4086 | D:3      | Noticed a bullfrog
  4089 | D:3      | Noticed madmanarnold's ghost (amateur FoFi)
  4428 | D:4      | Reached skill level 6 in Spellcasting
  4655 | D:4      | Found a sacrificial altar of Ru.
  4656 | D:4      | Noticed Edmund
  4751 | D:4      | Reached XP level 5. HP: 14/30 MP: 15/15
  4928 | D:4      | Noticed an ogre
  5181 | D:4      | Noticed an ogre
  5213 | D:4      | Found an ornate altar of the Wu Jian Council.
  5214 | D:4      | Found a snail-covered altar of Cheibriados.
  5215 | D:4      | Found an ancient bone altar of Kikubaaqudgha.
  5216 | D:4      | Found a shimmering blue altar of Sif Muna.
  5303 | D:4      | Noticed an ogre
  5504 | D:5      | Entered Level 5 of the Dungeon
  5869 | D:5      | Slain by a gnoll

Illustrated notes

Levels and vault maps discovered:
D:1:      amcnicky_arrival_feature_with_door, layout_basic, serial_shops, shop
D:2:      layout_loops_corners, minmay_bisected
D:3:      layout_loops_ring, general_overflow_altar,
          nicolae_yredelemnul_corpse_copse, xom_redecorated,
          ebering_ecumenical_altar_box, ebering_ghost_sewer_d, dk_vineyard_2
D:4:      layout_gridville, nicolae_ru_awakened_eye,
          mainiacjoe_overflow_alcove_3, uniq_edmund
D:5:      kennysheep_slugbush, layout_loops_ring, kennysheep_little_box,
          temple_doors_e, serial_glass, glass_columns_a, glass_columns_a,
          glass_columns_a, glass_columns_b

Skill      XL: |  1  2  3  4  5 |
---------------+----------------+-----
Spellcasting   | 4 5 6 |  6.0
Fighting       | 1 2 |  2.1
Dodging        | 3 |  3.7
Unarmed Combat | |  2.4
Transmutations | |  2.1

Action                   |  1- 3 |  4- 6 || total
-------------------------+-------+-------++-------
Melee: Unarmed           |    77 |       ||    77
       Kick              |    27 |     5 ||    32
       Headbutt          |    18 |     4 ||    22
       Long sword        |    20 |    46 ||    66
       Punch             |       |     1 ||     1
 Cast: Beastly Appendage |    36 |     9 ||    45
 Stab: Sleeping          |     2 |     3 ||     5
Armor: Robe              |    14 |    13 ||    27
Dodge: Dodged            |    60 |    53 ||   113
